 Dungeon Crawl Stone Soup version 0.30.1-9-gdf580d7c3d (webtiles) character file.

Game seed: 7381571803034736834

107 jagang the Slasher (level 4, -3/38 HPs)
             Began as a Barachi Monk on Oct 25, 2023.
             Slain by a gnoll
             ... wielding a +0 spear
              (6 damage)
             ... on level 3 of the Dungeon.
             The game lasted 00:03:00 (1777 turns).

jagang the Slasher (Barachi Monk)                   Turns: 1777, Time: 00:03:01

Health: -3/38      AC:  4    Str: 13    XL:     4   Next: 86%
Magic:  4/4        EV: 13    Int: 10    God:
Gold:   119        SH:  0    Dex: 16    Spells: 3/3 levels left

rFire   . . .        a - +0 falchion
rCold   . . .        d - orb {light}
rNeg    . . .        e - +0 leather armour
rPois   .            (no helmet)
rElec   .            g - +0 cloak
rCorr   .            (no gloves)
SInv    .            (no boots)
Will    .....        (no amulet)
Stlth   +            (no ring)
HPRegen 0.26/turn    (no ring)
MPRegen 0.09/turn

%: no passive effects
@: unable to hop, glowing, slow
A: amphibious, slowness 1, strong legs 1, +LOS
a: Hop


You were on level 3 of the Dungeon.
You visited 1 branch of the dungeon, and saw 3 of its levels.

You collected 119 gold pieces.

Inventory:

Hand Weapons
 a - a +0 falchion (weapon)
Armour
 d - an orb of light (worn)
 e - a +0 leather armour (worn)
 g - a +0 cloak (worn)
Scrolls
 f - 2 scrolls of fear {unknown}
 i - a scroll of teleportation {unknown}
 k - a scroll of acquirement {unknown}
 l - a scroll of fog {unknown}
 m - a scroll of vulnerability {unknown}
Potions
 b - 3 potions of curing {unknown}
 c - a potion of ambrosia
 h - 2 potions of attraction {unknown}
 j - a potion of mutation {unknown}


   Skills:
 + Level 4.3 Fighting
 + Level 4.3 Long Blades
 * Level 3.1 Armour
 + Level 3.9 Dodging


You had 3 spell levels left.
You didn't know any spells.
Your spell library was empty.

Dungeon Overview and Level Annotations

Branches:
Dungeon (3/15)

Altars:


Innate Abilities, Weirdness & Mutations

You are amphibious.
You cover ground slowly.
You can hop short distances.
You have an extended range of vision and can be seen from far away.


Message History

The gnoll is heavily wounded.
The gnoll hits you with a +0 halberd.
You barely miss the gnoll.
The gnoll is heavily wounded.
The gnoll hits you with a +0 halberd!
You completely miss the gnoll.
The gnoll is heavily wounded.
The gnoll hits you from afar with a +0 spear.
The gnoll barely misses you.
You hit the gnoll.
The gnoll is severely wounded.
The gnoll hits you from afar with a +0 spear.
The gnoll barely misses you.
You barely miss the gnoll.
The gnoll is severely wounded.
The gnoll barely misses you.
The gnoll hits you from afar with a +0 spear.
You hit the gnoll but do no damage.
The gnoll is severely wounded.
The gnoll hits you from afar with a +0 spear.
The gnoll hits you with a +0 halberd!
* * * LOW HITPOINT WARNING * * *
You slash the gnoll!
You kill the gnoll!
The gnoll closely misses you. The gnoll misses you.
Hop to where?
Press: ? - help, Dir - move target Boing!
The gnoll hits you but does no damage. The gnoll misses you.
You hit the gnoll.
The gnoll is heavily wounded.
The gnoll hits you with a +0 spear.
* * * LOW HITPOINT WARNING * * *
You barely miss the gnoll.
The gnoll is heavily wounded.
The gnoll completely misses you.
You hit the gnoll.
The gnoll is heavily wounded.
The gnoll hits you with a +0 spear.
You die...

#.#.# #.#.#
##########.#.#
....g...g..#.#
....g.gg..g#.#
##########.#.#
#g#.#####
#)#.....#
#g#####@# #.#
#g# #.#####g#
#..g...g#
#)####### ###


You could see 3 gnolls.

Vanquished Creatures
  Jessica (D:2)
  A gnoll (D:3)
  2 adders (D:2)
  2 ball pythons
  9 endoplasms
  A giant cockroach (D:2)
  6 goblins
  6 hobgoblins
  3 jackals (D:2)
  5 kobolds
  2 quokkas
  7 bats
  2 frilled lizards (D:2)
  2 rats (D:1)
49 creatures vanquished.

Notes
Turn   | Place    | Note
-------+----------+-------------------------------------------
     0 | D:1      | jagang the Barachi Monk began the quest for the Orb.
     0 | D:1      | Reached XP level 1. HP: 18/18 MP: 1/1
    92 | D:1      | Reached skill level 1 in Armour
    92 | D:1      | Reached XP level 2. HP: 25/25 MP: 2/2
   456 | D:1      | Reached XP level 3. HP: 30/30 MP: 3/3
   938 | D:2      | Noticed Jessica
   949 | D:2      | Killed Jessica
  1021 | D:2      | Reached XP level 4. HP: 37/37 MP: 4/4
  1777 | D:3      | Slain by a gnoll

Illustrated notes

Levels and vault maps discovered:
D:1:      sevenhm_arrival_forest_fort_large_4, layout_loops_ring
D:2:      layout_basic, serial_bayou, serial_bayou_lagoon_a,
          serial_bayou_pond_e, serial_bayou_pond_a, serial_bayou_shore_a,
          st_stairs_3, uniq_jessica
D:3:      layout_basic, serial_corexii_hall, corexii_hall_statues_x,
          chequers_hall_statues_y, serial_shops, nicolae_shop_waterfront,
          hangedman_abyss_or_decor_lesser_grid

Skill      XL: |  1  2  3  4 |
---------------+-------------+-----
Armour         | 1 2 3 |  3.1
Fighting       | 4 |  4.3
Long Blades    | 4 |  4.3
Dodging        | |  3.9

Action                     |  1- 3 |  4- 6 || total
---------------------------+-------+-------++-------
  Melee: Falchion          |    44 |    75 ||   119
Ability: Hop               |       |     1 ||     1
 Armour: Robe              |     6 |       ||     6
         Leather armour    |     8 |    32 ||    40
  Dodge: Dodged            |    18 |    59 ||    77
